 Dungeon Crawl Stone Soup version 0.31-a0-263-ge8cad7f256 (webtiles) character file.

Game seed: 1901805801677527616

119 qw the Shooter (level 5, 0/30 HPs)
             Began as a Gargoyle Hexslinger on July 13, 2023.
             Slain by an ogre
             ... wielding a +0 giant club
              (30 damage)
             ... on level 4 of the Dungeon.
             The game lasted 00:00:49 (2523 turns).

qw the Shooter (Gargoyle Hexslinger)                Turns: 2523, Time: 00:00:50

Health: 0/30       AC: 13    Str: 12    XL:     5   Next: 3%
Magic:  6/6        EV: 10    Int: 13    God:
Gold:   83         SH:  0    Dex: 14    Spells: 5/6 levels left

rFire   x . .        Y - +1 sling
rCold   . . .        (no shield)
rNeg    + + .        h - +0 ring mail
rPois   inf          (no helmet)
rElec   +            (no cloak)
rCorr   .            (no gloves)
SInv    .            (no boots)
Will    .....        (no amulet)
Stlth   ++           b - ring of positive energy
HPRegen 0.25/turn    l - ring of Utym Qau {+Blink Fly rF- AC+4 Stlth+}
MPRegen 0.10/turn

%: no passive effects
@: flying
A: sickness immunity, AC +4, negative energy resistance 1, electricity
resistance, torment resistance 1, petrification resistance
a: Evoke Blink


You were on level 4 of the Dungeon.
You visited 1 branch of the dungeon, and saw 4 of its levels.

You collected 125 gold pieces.
You spent 42 gold pieces at shops.


Innate Abilities, Weirdness & Mutations

You are immune to sickness and miasma.
Your stone body is resilient. (AC +4)
You are immune to poison.
You resist negative energy. (rN+)
You are resistant to electric shocks. (rElec)
You are resistant to unholy torment.
You are immune to petrification.


   Skills:
 - Level 2.2 Fighting
 + Level 4.4 Ranged Weapons
 - Level 1.0 Armour
 - Level 1.5 Dodging
 - Level 1.0 Spellcasting
 - Level 2.6 Hexes


You had 5 spell levels left.
You knew the following spells:

 Your Spells              Type           Power      Damage    Failure   Level
a - Slow                  Hex            28%        N/A       22%         1

Your spell library contained the following spells:

 Spells                   Type           Power      Damage    Failure   Level
 Inner Flame              Hex/Fire       4%         N/A       73%         3
 Portal Projectile        Hex/Tloc       8%         N/A       73%         3
 Cause Fear               Hex            3%         N/A       91%         4

Inventory:

Hand Weapons
 Y - a +1 sling (weapon)
Armour
 h - a +0 ring mail (worn)
Jewellery
 b - a ring of positive energy (left hand)
 l - the ring of Utym Qau (right hand) {+Blink Fly rF- AC+4 Stlth+}
   (You took it off an orc on level 3 of the Dungeon)

   [ring of protection]

   AC:        It affects your AC (+4).
   rF:        It makes you vulnerable to fire.
   Fly:       It grants you flight.
   +Blink:    It lets you blink.
   Stlth:     It makes you more stealthy.
Scrolls
 a - a scroll of identify
Potions
 c - a potion of heal wounds {unknown}
 d - a potion of degeneration {unknown}
 e - 2 potions of curing
 f - a potion of attraction {unknown}
 g - a potion of enlightenment {unknown}
 i - a potion of berserk rage {unknown}

Dungeon Overview and Level Annotations

Branches:
Dungeon (4/15)
 Temple: D:4-7

Altars:
Cheibriados
The Shining One

Shops:
D:2 =!   D:4 *


Message History

The quokka is almost dead.
You shoot a sling bullet.
The sling bullet hits the quokka but does no damage.
The quokka is almost dead.
The quokka bites you but does no damage.
You shoot a sling bullet.
The sling bullet closely misses the quokka.
The quokka barely misses you. The quokka closely misses you.
You shoot a sling bullet. The sling bullet hits the quokka.
You kill the quokka!
You see here a quokka corpse.
Found a sling.
Enter note:
Enter note:
Found a stone staircase leading down.
Enter note:
Enter note:
Found a stone staircase leading up.
Enter note:
Enter note:
Enter note: You see here a +0 sling.
There is an entrance to Cuod's Elemental Accessories here.
Enter note:
Enter note:
Enter note: An ogre comes into view. It is wielding a +0 giant club.
Enter note:
Enter note:
Enter note: You shoot a sling bullet.
The sling bullet hits the ogre.
The ogre is lightly wounded.
You shoot a sling bullet. The sling bullet hits the ogre.
The ogre is moderately wounded.
The ogre barely misses you.
You shoot a sling bullet. The sling bullet hits the ogre.
The ogre is heavily wounded.
The ogre hits you with a +0 giant club!!
Ouch! That really hurt!
You die...

#.......#.#..#
#...ยค.....#..#
#.......###
#####..## ##.#
##.# # #..###
.# ###..##..#
###@O.# #####


You could see an ogre.

Vanquished Creatures
  An iguana (D:4)
  3 adders
  A white imp (D:4)
  3 orcs (D:3)
  3 bats
  6 endoplasms
  3 giant cockroaches
  7 goblins
  5 hobgoblins
  2 jackals (D:1)
  7 quokkas
  3 frilled lizards
  3 kobolds
  3 rats
50 creatures vanquished.

Notes
Turn   | Place    | Note
-------+----------+-------------------------------------------
     0 | D:1      | qw the Gargoyle Hexslinger began the quest for the Orb.
     0 | D:1      | Reached XP level 1. HP: 12/12 MP: 2/2
     0 | D:1      | 0 ||| qw: Version: 0.3-a-52-g30416fa
     0 | D:1      | 0 ||| qw: Game counter: 7268
     0 | D:1      | 0 ||| qw: Melee chars always use a shield: true
     0 | D:1      | 0 ||| qw: God list: Okawaru
     0 | D:1      | 0 ||| qw: Allow faded altars: false
     0 | D:1      | 0 ||| qw: Do Orc after clearing Dungeon:15 true
     0 | D:1      | 0 ||| qw: Do second Lair branch before Depths: true
     0 | D:1      | 0 ||| qw: Lair rune preference: random
     0 | D:1      | 0 ||| qw: Goals: Normal
     0 | D:1      | 0 ||| PLANNING D:1-11
    44 | D:1      | Found a faded altar of an unknown god.
   346 | D:1      | Reached XP level 2. HP: 16/16 MP: 3/3
   562 | D:1      | Reached skill level 3 in Ranged Weapons
   748 | D:1      | 748 ||| READING scroll labelled IHEWE CAUHA.
   749 | D:1      | 749 ||| DROPPING scroll of poison.
   855 | D:2      | Found Refeghet's Distillery.
   858 | D:2      | 858 ||| BUYING potion of curing (42 gold).
   858 | D:2      | Bought a potion of curing for 42 gold pieces
   858 | D:2      | 858 ||| SHOPLISTING potion of curing (42 gold, have 7).
   858 | D:2      | 858 ||| SHOPLISTING potion of enlightenment (70 gold, have
                  | 7).
   858 | D:2      | 858 ||| SHOPLISTING potion of heal wounds (70 gold, have
                  | 7).
   901 | D:2      | Found a glowing golden altar of the Shining One.
   983 | D:2      | Reached XP level 3. HP: 18/21 MP: 4/4
  1224 | D:2      | Found Dudghoxea's Jewellery Shoppe.
  1232 | D:2      | 1232 ||| SHOPLISTING +5 ring of evasion (468 gold, have
                  | 37).
  1232 | D:2      | 1232 ||| SHOPLISTING amulet of faith (520 gold, have 37).
  1232 | D:2      | 1232 ||| SHOPLISTING amulet of regeneration (390 gold, have
                  | 37).
  1232 | D:2      | 1232 ||| SHOPLISTING ring of positive energy (260 gold,
                  | have 37).
  1232 | D:2      | 1232 ||| SHOPLISTING ring of see invisible (195 gold, have
                  | 37).
  1397 | D:2      | 1397 ||| UPGRADING to +0 ring mail.
  1407 | D:2      | 1407 ||| DROPPING +0 robe.
  1408 | D:2      | 1408 ||| UPGRADING to ring of positive energy.
  1409 | D:2      | 1409 ||| READING 2 scrolls labelled KOFOGO MITUO.
  1634 | D:3      | Reached XP level 4. HP: 26/26 MP: 5/5
  1844 | D:3      | Identified the ring of Utym Qau {+Blink Fly rF- AC+4
                  | Stlth+}
  1855 | D:3      | Reached skill level 4 in Ranged Weapons
  1918 | D:3      | Found a snail-covered altar of Cheibriados.
  2289 | D:3      | 2289 ||| UPGRADING to ring of Utym Qau {+Blink Fly rF- AC+4
                  | Stlth+}.
  2290 | D:3      | 2290 ||| READING scroll labelled GYGHULA MEPT.
  2291 | D:3      | 2291 ||| READING scroll labelled OXKOEB SYUVU.
  2292 | D:3      | 2292 ||| DRINKING 2 bubbling coppery potions.
  2293 | D:3      | 2293 ||| DRINKING 3 potions of curing.
  2293 | D:3      | 2293 ||| (to cure confusion)
  2294 | D:3      | 2294 ||| DROPPING potion of ambrosia.
  2325 | D:4      | Reached skill level 1 in Armour
  2392 | D:4      | Reached XP level 5. HP: 30/30 MP: 6/6
  2501 | D:4      | Found Cuod's Elemental Accessories.
  2520 | D:4      | Noticed an ogre
  2523 | D:4      | Slain by an ogre

Levels and vault maps discovered:
D:1:      ncdulo_halloftheorcs, layout_loops_ring,
          chequers_ecumenical_altar_simple
D:2:      layout_basic, serial_shops, shop, nicolae_shop_behind_doors,
          basic_altar
D:3:      layout_loops_corners, lemuel_doored_altar, chequers_mini_garden
D:4:      layout_layer_cave, gammafunk_temple_overflow_elements,
          roderic_roman_lattice, kennysheep_decorative_pillar,
          nicolae_elemental_shop, minmay_manual_mullet

Skill      XL: |  1  2  3  4 |
---------------+-------------+-----
Ranged Weapons | 3 4 |  4.4
Fighting       | 2 |  2.2
Armour         | 1 |  1.0
Dodging        | |  1.5
Spellcasting   | |  1.0
Hexes          | |  2.6

Action                     |  1- 3 |  4- 6 || total
---------------------------+-------+-------++-------
   Fire: Sling             |   111 |    77 ||   188
    Use: Scroll            |     2 |     2 ||     4
         Potion            |       |     2 ||     2
 Armour: Robe              |    13 |       ||    13
         Ring mail         |    12 |    21 ||    33
  Dodge: Dodged            |    39 |    23 ||    62

Table legend:
 A = Non-vault XP
 B = Vault XP
 C = Vault XP percentage of total XP
 D = Non-vault monster count
 E = Vault monster count
 F = Vault count percentage of total count
                 A         B        C        D         E       F
            +---------+---------+-------+---------+---------+-------
      Total |     128 |      43 |  25.1 |      47 |       3 |   6.0
            +---------+---------+-------+---------+---------+-------
        D:1 |      23 |       0 |   0.0 |      13 |       0 |   0.0
        D:2 |      50 |       0 |   0.0 |      17 |       0 |   0.0
        D:3 |      41 |       0 |   0.0 |      14 |       0 |   0.0
        D:4 |      14 |      43 |  75.4 |       3 |       3 |  50.0
            +---------+---------+-------+---------+---------+-------
